AoeStats
← Corsican Pirate

Black Forest

509488619Analyzed
4v4 RM · 7d ago on Sep 26, 2026· 20m 19s· 8 players
Game mode
Random Map
Map size
Large (8 player)
Population
200
Speed
Normal
Resources
Standard
Victory
Conquest
Starting age
Dark Age
Ending age
Imperial Age
RankedLock teamsTeams togetherTeam positionsShared explorationLock speedFull tech treeHidden civsTurbo modeCheats
Victory
Defeat
🇦🇷 Bohemians · Argentina
1539
+11
🇲🇽 Saxons · Mexico
1322
+20
🇲🇽 Bohemians · Mexico
1314
+20
🇲🇽 Varangians · Mexico
1300
+21
🇹🇼 Hindustanis · Taiwan
1441
-19
🇯🇵 Franks · Japan
1434
-19
🇨🇳 Khmer · China
1431
-19
🇦🇺 Mongols · Australia
1342
-15
ggmax
2:31 Loom
11:25 Feudal Age
15:27 Castle Age
14:30 Double-Bit Axe
18:34 Wheelbarrow
18:12 Bow Saw
ggsadpom,sdf
Tawny
3:54 Loom
12:30 Feudal Age
13:50 Double-Bit Axe
13:52 Horse Collar
17:07 Castle Age
15:01 Stone Mining
16:21 Wheelbarrow
17:59 Bow Saw
19:19 Hand Cart
蒜香骨
0:32 Loom
11:42 Feudal Age
12:48 Double-Bit Axe
13:47 Fletching
15:45 Horse Collar
22:26 Castle Age
Glamdring
11:51 Feudal Age
15:32 Castle Age
13:42 Double-Bit Axe
14:35 Horse Collar
16:05 Fletching
17:49 Bodkin Arrow
Gúthwinë
4:53 Loom
8:41 Feudal Age
12:04 Double-Bit Axe
14:45 Horse Collar
16:43 Wheelbarrow
20:22 Castle Age
20:29 Fletching
Corsican Pirate
0:29 Loom
11:57 Feudal Age
17:46 Castle Age
15:51 Double-Bit Axe
16:27 Horse Collar
19:23 Bow Saw
Suricata Tactica
10:48 Feudal Age
14:33 Castle Age
12:59 Double-Bit Axe
13:07 Horse Collar
15:34 Bow Saw
15:26 Heavy Plow
17:20 Wheelbarrow
17:02 Loom
Connection lost

Rejoining the realm…

Still unreachable

The connection could not be restored.

Session expired

The server has moved on; the page needs a fresh start.